Workbook

Sheet Resumen
A1: Caja y quién me debe
A2: Datos de ejemplo. El resumen suma lo que anotas en las otras hojas: aquí no se escribe.
A3: Hoy | B3: =TODAY()
A5: Caja hoy | B5: =Movimientos!$E$5+SUM(Movimientos!$C$6:$C$504)-SUM(Movimientos!$D$6:$D$504) | C5: Saldo inicial más entradas menos salidas (hoja Movimientos).
A6: Te deben | B6: =SUMIF('Por cobrar'!$G$5:$G$204,"<>Sí",'Por cobrar'!$F$5:$F$204) | C6: Facturas sin pagar (hoja Por cobrar).
A7: Ya vencido | B7: =SUMIFS('Por cobrar'!$F$5:$F$204,'Por cobrar'!$G$5:$G$204,"<>Sí",'Por cobrar'!$E$5:$E$204,"<"&TODAY()) | C7: De lo que te deben, lo que ya venció.
A8: Caja en 30 días | B8: =B5+SUMIFS('Por cobrar'!$F$5:$F$204,'Por cobrar'!$G$5:$G$204,"<>Sí",'Por cobrar'!$E$5:$E$204,"<="&(TODAY()+30))-SUMIFS('Por pagar'!$C$5:$C$104,'Por pagar'!$D$5:$D$104,"<>Sí",'Por pagar'!$A$5:$A$104,"<="&(TODAY()+30)) | C8: Caja hoy, más lo que te deben y menos lo que tienes que pagar con vencimiento hasta 30 días desde hoy (incluye lo vencido).
A10: Para cobrar primero
A11: Las cinco facturas sin pagar que vencen antes, de la más atrasada a la última. El aviso por WhatsApp está en la hoja Por cobrar.
A12: Factura | B12: Cliente | C12: Vence | D12: Monto | E12: Estado
A13: =IFERROR(INDEX('Por cobrar'!$A$5:$A$204,MATCH(1,'Por cobrar'!$J$5:$J$204,0))&"","") | B13: =IFERROR(INDEX('Por cobrar'!$B$5:$B$204,MATCH(1,'Por cobrar'!$J$5:$J$204,0))&"","") | C13: =IFERROR(INDEX('Por cobrar'!$E$5:$E$204,MATCH(1,'Por cobrar'!$J$5:$J$204,0)),"") | D13: =IFERROR(INDEX('Por cobrar'!$F$5:$F$204,MATCH(1,'Por cobrar'!$J$5:$J$204,0)),"") | E13: =IFERROR(INDEX('Por cobrar'!$H$5:$H$204,MATCH(1,'Por cobrar'!$J$5:$J$204,0))&"","")
A14: =IFERROR(INDEX('Por cobrar'!$A$5:$A$204,MATCH(2,'Por cobrar'!$J$5:$J$204,0))&"","") | B14: =IFERROR(INDEX('Por cobrar'!$B$5:$B$204,MATCH(2,'Por cobrar'!$J$5:$J$204,0))&"","") | C14: =IFERROR(INDEX('Por cobrar'!$E$5:$E$204,MATCH(2,'Por cobrar'!$J$5:$J$204,0)),"") | D14: =IFERROR(INDEX('Por cobrar'!$F$5:$F$204,MATCH(2,'Por cobrar'!$J$5:$J$204,0)),"") | E14: =IFERROR(INDEX('Por cobrar'!$H$5:$H$204,MATCH(2,'Por cobrar'!$J$5:$J$204,0))&"","")
A15: =IFERROR(INDEX('Por cobrar'!$A$5:$A$204,MATCH(3,'Por cobrar'!$J$5:$J$204,0))&"","") | B15: =IFERROR(INDEX('Por cobrar'!$B$5:$B$204,MATCH(3,'Por cobrar'!$J$5:$J$204,0))&"","") | C15: =IFERROR(INDEX('Por cobrar'!$E$5:$E$204,MATCH(3,'Por cobrar'!$J$5:$J$204,0)),"") | D15: =IFERROR(INDEX('Por cobrar'!$F$5:$F$204,MATCH(3,'Por cobrar'!$J$5:$J$204,0)),"") | E15: =IFERROR(INDEX('Por cobrar'!$H$5:$H$204,MATCH(3,'Por cobrar'!$J$5:$J$204,0))&"","")
A16: =IFERROR(INDEX('Por cobrar'!$A$5:$A$204,MATCH(4,'Por cobrar'!$J$5:$J$204,0))&"","") | B16: =IFERROR(INDEX('Por cobrar'!$B$5:$B$204,MATCH(4,'Por cobrar'!$J$5:$J$204,0))&"","") | C16: =IFERROR(INDEX('Por cobrar'!$E$5:$E$204,MATCH(4,'Por cobrar'!$J$5:$J$204,0)),"") | D16: =IFERROR(INDEX('Por cobrar'!$F$5:$F$204,MATCH(4,'Por cobrar'!$J$5:$J$204,0)),"") | E16: =IFERROR(INDEX('Por cobrar'!$H$5:$H$204,MATCH(4,'Por cobrar'!$J$5:$J$204,0))&"","")
A17: =IFERROR(INDEX('Por cobrar'!$A$5:$A$204,MATCH(5,'Por cobrar'!$J$5:$J$204,0))&"","") | B17: =IFERROR(INDEX('Por cobrar'!$B$5:$B$204,MATCH(5,'Por cobrar'!$J$5:$J$204,0))&"","") | C17: =IFERROR(INDEX('Por cobrar'!$E$5:$E$204,MATCH(5,'Por cobrar'!$J$5:$J$204,0)),"") | D17: =IFERROR(INDEX('Por cobrar'!$F$5:$F$204,MATCH(5,'Por cobrar'!$J$5:$J$204,0)),"") | E17: =IFERROR(INDEX('Por cobrar'!$H$5:$H$204,MATCH(5,'Por cobrar'!$J$5:$J$204,0))&"","")

Sheet Por cobrar
A1: Por cobrar
A2: Datos de ejemplo: bórralos y escribe los tuyos en las celdas celestes. Los clientes de ejemplo no tienen WhatsApp.
A4: Factura | B4: Cliente | C4: WhatsApp del cliente | D4: Emisión | E4: Vence | F4: Monto | G4: ¿Pagada? | H4: Estado | I4: Aviso | J4: Orden de cobro
A5: 1201 | B5: Constructora (ejemplo) | D5: =TODAY()-45 | E5: =TODAY()-15 | F5: 1190000 | G5: Sí | H5: =IF(G5="Sí","Pagada",IF(OR(E5="",F5=""),"",IF(E5<TODAY(),"Vencida hace "&(TODAY()-E5)&IF(TODAY()-E5=1," día"," días"),IF(E5-TODAY()<=7,"Vence esta semana","Al día")))) | I5: =IF(OR(G5="Sí",E5="",F5=""),"",IF(TRIM(C5&"")="","Falta el WhatsApp",HYPERLINK("https://wa.me/"&IF(LEN(SUBSTITUTE(SUBSTITUTE(SUBSTITUTE(C5&""," ",""),"+",""),"-",""))=9,"56","")&SUBSTITUTE(SUBSTITUTE(SUBSTITUTE(C5&""," ",""),"+",""),"-","")&"?text="&IFERROR(_xlfn.ENCODEURL("Hola, te escribo por la factura "&A5&" por $"&SUBSTITUTE(FIXED(F5,0),",",".")&IF(E5<TODAY(),", que venció el ",", que vence el ")&RIGHT("0"&DAY(E5),2)&"-"&RIGHT("0"&MONTH(E5),2)&"-"&YEAR(E5)&". ¿Me confirmas cuándo la pagas? Gracias."),SUBSTITUTE("Hola, te escribo por la factura "&A5&" por $"&SUBSTITUTE(FIXED(F5,0),",",".")&IF(E5<TODAY(),", que venció el ",", que vence el ")&RIGHT("0"&DAY(E5),2)&"-"&RIGHT("0"&MONTH(E5),2)&"-"&YEAR(E5)&". ¿Me confirmas cuándo la pagas? Gracias."," ","%20")),"Abrir WhatsApp"))) | J5: =IF(OR(G5="Sí",E5="",F5=""),"",COUNTIFS($G$5:$G$204,"<>Sí",$E$5:$E$204,"<"&E5,$F$5:$F$204,"<>")+COUNTIFS($G$5:G5,"<>Sí",$E$5:E5,E5,$F$5:F5,"<>"))
A6: 1202 | B6: Restaurante (ejemplo) | D6: =TODAY()-40 | E6: =TODAY()-10 | F6: 476000 | G6: No | H6: =IF(G6="Sí","Pagada",IF(OR(E6="",F6=""),"",IF(E6<TODAY(),"Vencida hace "&(TODAY()-E6)&IF(TODAY()-E6=1," día"," días"),IF(E6-TODAY()<=7,"Vence esta semana","Al día")))) | I6: =IF(OR(G6="Sí",E6="",F6=""),"",IF(TRIM(C6&"")="","Falta el WhatsApp",HYPERLINK("https://wa.me/"&IF(LEN(SUBSTITUTE(SUBSTITUTE(SUBSTITUTE(C6&""," ",""),"+",""),"-",""))=9,"56","")&SUBSTITUTE(SUBSTITUTE(SUBSTITUTE(C6&""," ",""),"+",""),"-","")&"?text="&IFERROR(_xlfn.ENCODEURL("Hola, te escribo por la factura "&A6&" por $"&SUBSTITUTE(FIXED(F6,0),",",".")&IF(E6<TODAY(),", que venció el ",", que vence el ")&RIGHT("0"&DAY(E6),2)&"-"&RIGHT("0"&MONTH(E6),2)&"-"&YEAR(E6)&". ¿Me confirmas cuándo la pagas? Gracias."),SUBSTITUTE("Hola, te escribo por la factura "&A6&" por $"&SUBSTITUTE(FIXED(F6,0),",",".")&IF(E6<TODAY(),", que venció el ",", que vence el ")&RIGHT("0"&DAY(E6),2)&"-"&RIGHT("0"&MONTH(E6),2)&"-"&YEAR(E6)&". ¿Me confirmas cuándo la pagas? Gracias."," ","%20")),"Abrir WhatsApp"))) | J6: =IF(OR(G6="Sí",E6="",F6=""),"",COUNTIFS($G$5:$G$204,"<>Sí",$E$5:$E$204,"<"&E6,$F$5:$F$204,"<>")+COUNTIFS($G$5:G6,"<>Sí",$E$5:E6,E6,$F$5:F6,"<>"))
A7: 1203 | B7: Taller mecánico (ejemplo) | D7: =TODAY()-27 | E7: =TODAY()+3 | F7: 833000 | G7: No | H7: =IF(G7="Sí","Pagada",IF(OR(E7="",F7=""),"",IF(E7<TODAY(),"Vencida hace "&(TODAY()-E7)&IF(TODAY()-E7=1," día"," días"),IF(E7-TODAY()<=7,"Vence esta semana","Al día")))) | I7: =IF(OR(G7="Sí",E7="",F7=""),"",IF(TRIM(C7&"")="","Falta el WhatsApp",HYPERLINK("https://wa.me/"&IF(LEN(SUBSTITUTE(SUBSTITUTE(SUBSTITUTE(C7&""," ",""),"+",""),"-",""))=9,"56","")&SUBSTITUTE(SUBSTITUTE(SUBSTITUTE(C7&""," ",""),"+",""),"-","")&"?text="&IFERROR(_xlfn.ENCODEURL("Hola, te escribo por la factura "&A7&" por $"&SUBSTITUTE(FIXED(F7,0),",",".")&IF(E7<TODAY(),", que venció el ",", que vence el ")&RIGHT("0"&DAY(E7),2)&"-"&RIGHT("0"&MONTH(E7),2)&"-"&YEAR(E7)&". ¿Me confirmas cuándo la pagas? Gracias."),SUBSTITUTE("Hola, te escribo por la factura "&A7&" por $"&SUBSTITUTE(FIXED(F7,0),",",".")&IF(E7<TODAY(),", que venció el ",", que vence el ")&RIGHT("0"&DAY(E7),2)&"-"&RIGHT("0"&MONTH(E7),2)&"-"&YEAR(E7)&". ¿Me confirmas cuándo la pagas? Gracias."," ","%20")),"Abrir WhatsApp"))) | J7: =IF(OR(G7="Sí",E7="",F7=""),"",COUNTIFS($G$5:$G$204,"<>Sí",$E$5:$E$204,"<"&E7,$F$5:$F$204,"<>")+COUNTIFS($G$5:G7,"<>Sí",$E$5:E7,E7,$F$5:F7,"<>"))
A8: 1204 | B8: Colegio (ejemplo) | D8: =TODAY()-10 | E8: =TODAY()+20 | F8: 1428000 | G8: No | H8: =IF(G8="Sí","Pagada",IF(OR(E8="",F8=""),"",IF(E8<TODAY(),"Vencida hace "&(TODAY()-E8)&IF(TODAY()-E8=1," día"," días"),IF(E8-TODAY()<=7,"Vence esta semana","Al día")))) | I8: =IF(OR(G8="Sí",E8="",F8=""),"",IF(TRIM(C8&"")="","Falta el WhatsApp",HYPERLINK("https://wa.me/"&IF(LEN(SUBSTITUTE(SUBSTITUTE(SUBSTITUTE(C8&""," ",""),"+",""),"-",""))=9,"56","")&SUBSTITUTE(SUBSTITUTE(SUBSTITUTE(C8&""," ",""),"+",""),"-","")&"?text="&IFERROR(_xlfn.ENCODEURL("Hola, te escribo por la factura "&A8&" por $"&SUBSTITUTE(FIXED(F8,0),",",".")&IF(E8<TODAY(),", que venció el ",", que vence el ")&RIGHT("0"&DAY(E8),2)&"-"&RIGHT("0"&MONTH(E8),2)&"-"&YEAR(E8)&". ¿Me confirmas cuándo la pagas? Gracias."),SUBSTITUTE("Hola, te escribo por la factura "&A8&" por $"&SUBSTITUTE(FIXED(F8,0),",",".")&IF(E8<TODAY(),", que venció el ",", que vence el ")&RIGHT("0"&DAY(E8),2)&"-"&RIGHT("0"&MONTH(E8),2)&"-"&YEAR(E8)&". ¿Me confirmas cuándo la pagas? Gracias."," ","%20")),"Abrir WhatsApp"))) | J8: =IF(OR(G8="Sí",E8="",F8=""),"",COUNTIFS($G$5:$G$204,"<>Sí",$E$5:$E$204,"<"&E8,$F$5:$F$204,"<>")+COUNTIFS($G$5:G8,"<>Sí",$E$5:E8,E8,$F$5:F8,"<>"))
A9: 1205 | B9: Almacén (ejemplo) | D9: =TODAY()-2 | E9: =TODAY()+45 | F9: 595000 | G9: No | H9: =IF(G9="Sí","Pagada",IF(OR(E9="",F9=""),"",IF(E9<TODAY(),"Vencida hace "&(TODAY()-E9)&IF(TODAY()-E9=1," día"," días"),IF(E9-TODAY()<=7,"Vence esta semana","Al día")))) | I9: =IF(OR(G9="Sí",E9="",F9=""),"",IF(TRIM(C9&"")="","Falta el WhatsApp",HYPERLINK("https://wa.me/"&IF(LEN(SUBSTITUTE(SUBSTITUTE(SUBSTITUTE(C9&""," ",""),"+",""),"-",""))=9,"56","")&SUBSTITUTE(SUBSTITUTE(SUBSTITUTE(C9&""," ",""),"+",""),"-","")&"?text="&IFERROR(_xlfn.ENCODEURL("Hola, te escribo por la factura "&A9&" por $"&SUBSTITUTE(FIXED(F9,0),",",".")&IF(E9<TODAY(),", que venció el ",", que vence el ")&RIGHT("0"&DAY(E9),2)&"-"&RIGHT("0"&MONTH(E9),2)&"-"&YEAR(E9)&". ¿Me confirmas cuándo la pagas? Gracias."),SUBSTITUTE("Hola, te escribo por la factura "&A9&" por $"&SUBSTITUTE(FIXED(F9,0),",",".")&IF(E9<TODAY(),", que venció el ",", que vence el ")&RIGHT("0"&DAY(E9),2)&"-"&RIGHT("0"&MONTH(E9),2)&"-"&YEAR(E9)&". ¿Me confirmas cuándo la pagas? Gracias."," ","%20")),"Abrir WhatsApp"))) | J9: =IF(OR(G9="Sí",E9="",F9=""),"",COUNTIFS($G$5:$G$204,"<>Sí",$E$5:$E$204,"<"&E9,$F$5:$F$204,"<>")+COUNTIFS($G$5:G9,"<>Sí",$E$5:E9,E9,$F$5:F9,"<>"))
H10: =IF(G10="Sí","Pagada",IF(OR(E10="",F10=""),"",IF(E10<TODAY(),"Vencida hace "&(TODAY()-E10)&IF(TODAY()-E10=1," día"," días"),IF(E10-TODAY()<=7,"Vence esta semana","Al día")))) | I10: =IF(OR(G10="Sí",E10="",F10=""),"",IF(TRIM(C10&"")="","Falta el WhatsApp",HYPERLINK("https://wa.me/"&IF(LEN(SUBSTITUTE(SUBSTITUTE(SUBSTITUTE(C10&""," ",""),"+",""),"-",""))=9,"56","")&SUBSTITUTE(SUBSTITUTE(SUBSTITUTE(C10&""," ",""),"+",""),"-","")&"?text="&IFERROR(_xlfn.ENCODEURL("Hola, te escribo por la factura "&A10&" por $"&SUBSTITUTE(FIXED(F10,0),",",".")&IF(E10<TODAY(),", que venció el ",", que vence el ")&RIGHT("0"&DAY(E10),2)&"-"&RIGHT("0"&MONTH(E10),2)&"-"&YEAR(E10)&". ¿Me confirmas cuándo la pagas? Gracias."),SUBSTITUTE("Hola, te escribo por la factura "&A10&" por $"&SUBSTITUTE(FIXED(F10,0),",",".")&IF(E10<TODAY(),", que venció el ",", que vence el ")&RIGHT("0"&DAY(E10),2)&"-"&RIGHT("0"&MONTH(E10),2)&"-"&YEAR(E10)&". ¿Me confirmas cuándo la pagas? Gracias."," ","%20")),"Abrir WhatsApp"))) | J10: =IF(OR(G10="Sí",E10="",F10=""),"",COUNTIFS($G$5:$G$204,"<>Sí",$E$5:$E$204,"<"&E10,$F$5:$F$204,"<>")+COUNTIFS($G$5:G10,"<>Sí",$E$5:E10,E10,$F$5:F10,"<>"))
H11: =IF(G11="Sí","Pagada",IF(OR(E11="",F11=""),"",IF(E11<TODAY(),"Vencida hace "&(TODAY()-E11)&IF(TODAY()-E11=1," día"," días"),IF(E11-TODAY()<=7,"Vence esta semana","Al día")))) | I11: =IF(OR(G11="Sí",E11="",F11=""),"",IF(TRIM(C11&"")="","Falta el WhatsApp",HYPERLINK("https://wa.me/"&IF(LEN(SUBSTITUTE(SUBSTITUTE(SUBSTITUTE(C11&""," ",""),"+",""),"-",""))=9,"56","")&SUBSTITUTE(SUBSTITUTE(SUBSTITUTE(C11&""," ",""),"+",""),"-","")&"?text="&IFERROR(_xlfn.ENCODEURL("Hola, te escribo por la factura "&A11&" por $"&SUBSTITUTE(FIXED(F11,0),",",".")&IF(E11<TODAY(),", que venció el ",", que vence el ")&RIGHT("0"&DAY(E11),2)&"-"&RIGHT("0"&MONTH(E11),2)&"-"&YEAR(E11)&". ¿Me confirmas cuándo la pagas? Gracias."),SUBSTITUTE("Hola, te escribo por la factura "&A11&" por $"&SUBSTITUTE(FIXED(F11,0),",",".")&IF(E11<TODAY(),", que venció el ",", que vence el ")&RIGHT("0"&DAY(E11),2)&"-"&RIGHT("0"&MONTH(E11),2)&"-"&YEAR(E11)&". ¿Me confirmas cuándo la pagas? Gracias."," ","%20")),"Abrir WhatsApp"))) | J11: =IF(OR(G11="Sí",E11="",F11=""),"",COUNTIFS($G$5:$G$204,"<>Sí",$E$5:$E$204,"<"&E11,$F$5:$F$204,"<>")+COUNTIFS($G$5:G11,"<>Sí",$E$5:E11,E11,$F$5:F11,"<>"))
H12: =IF(G12="Sí","Pagada",IF(OR(E12="",F12=""),"",IF(E12<TODAY(),"Vencida hace "&(TODAY()-E12)&IF(TODAY()-E12=1," día"," días"),IF(E12-TODAY()<=7,"Vence esta semana","Al día")))) | I12: =IF(OR(G12="Sí",E12="",F12=""),"",IF(TRIM(C12&"")="","Falta el WhatsApp",HYPERLINK("https://wa.me/"&IF(LEN(SUBSTITUTE(SUBSTITUTE(SUBSTITUTE(C12&""," ",""),"+",""),"-",""))=9,"56","")&SUBSTITUTE(SUBSTITUTE(SUBSTITUTE(C12&""," ",""),"+",""),"-","")&"?text="&IFERROR(_xlfn.ENCODEURL("Hola, te escribo por la factura "&A12&" por $"&SUBSTITUTE(FIXED(F12,0),",",".")&IF(E12<TODAY(),", que venció el ",", que vence el ")&RIGHT("0"&DAY(E12),2)&"-"&RIGHT("0"&MONTH(E12),2)&"-"&YEAR(E12)&". ¿Me confirmas cuándo la pagas? Gracias."),SUBSTITUTE("Hola, te escribo por la factura "&A12&" por $"&SUBSTITUTE(FIXED(F12,0),",",".")&IF(E12<TODAY(),", que venció el ",", que vence el ")&RIGHT("0"&DAY(E12),2)&"-"&RIGHT("0"&MONTH(E12),2)&"-"&YEAR(E12)&". ¿Me confirmas cuándo la pagas? Gracias."," ","%20")),"Abrir WhatsApp"))) | J12: =IF(OR(G12="Sí",E12="",F12=""),"",COUNTIFS($G$5:$G$204,"<>Sí",$E$5:$E$204,"<"&E12,$F$5:$F$204,"<>")+COUNTIFS($G$5:G12,"<>Sí",$E$5:E12,E12,$F$5:F12,"<>"))
H13: =IF(G13="Sí","Pagada",IF(OR(E13="",F13=""),"",IF(E13<TODAY(),"Vencida hace "&(TODAY()-E13)&IF(TODAY()-E13=1," día"," días"),IF(E13-TODAY()<=7,"Vence esta semana","Al día")))) | I13: =IF(OR(G13="Sí",E13="",F13=""),"",IF(TRIM(C13&"")="","Falta el WhatsApp",HYPERLINK("https://wa.me/"&IF(LEN(SUBSTITUTE(SUBSTITUTE(SUBSTITUTE(C13&""," ",""),"+",""),"-",""))=9,"56","")&SUBSTITUTE(SUBSTITUTE(SUBSTITUTE(C13&""," ",""),"+",""),"-","")&"?text="&IFERROR(_xlfn.ENCODEURL("Hola, te escribo por la factura "&A13&" por $"&SUBSTITUTE(FIXED(F13,0),",",".")&IF(E13<TODAY(),", que venció el ",", que vence el ")&RIGHT("0"&DAY(E13),2)&"-"&RIGHT("0"&MONTH(E13),2)&"-"&YEAR(E13)&". ¿Me confirmas cuándo la pagas? Gracias."),SUBSTITUTE("Hola, te escribo por la factura "&A13&" por $"&SUBSTITUTE(FIXED(F13,0),",",".")&IF(E13<TODAY(),", que venció el ",", que vence el ")&RIGHT("0"&DAY(E13),2)&"-"&RIGHT("0"&MONTH(E13),2)&"-"&YEAR(E13)&". ¿Me confirmas cuándo la pagas? Gracias."," ","%20")),"Abrir WhatsApp"))) | J13: =IF(OR(G13="Sí",E13="",F13=""),"",COUNTIFS($G$5:$G$204,"<>Sí",$E$5:$E$204,"<"&E13,$F$5:$F$204,"<>")+COUNTIFS($G$5:G13,"<>Sí",$E$5:E13,E13,$F$5:F13,"<>"))
H14: =IF(G14="Sí","Pagada",IF(OR(E14="",F14=""),"",IF(E14<TODAY(),"Vencida hace "&(TODAY()-E14)&IF(TODAY()-E14=1," día"," días"),IF(E14-TODAY()<=7,"Vence esta semana","Al día")))) | I14: =IF(OR(G14="Sí",E14="",F14=""),"",IF(TRIM(C14&"")="","Falta el WhatsApp",HYPERLINK("https://wa.me/"&IF(LEN(SUBSTITUTE(SUBSTITUTE(SUBSTITUTE(C14&""," ",""),"+",""),"-",""))=9,"56","")&SUBSTITUTE(SUBSTITUTE(SUBSTITUTE(C14&""," ",""),"+",""),"-","")&"?text="&IFERROR(_xlfn.ENCODEURL("Hola, te escribo por la factura "&A14&" por $"&SUBSTITUTE(FIXED(F14,0),",",".")&IF(E14<TODAY(),", que venció el ",", que vence el ")&RIGHT("0"&DAY(E14),2)&"-"&RIGHT("0"&MONTH(E14),2)&"-"&YEAR(E14)&". ¿Me confirmas cuándo la pagas? Gracias."),SUBSTITUTE("Hola, te escribo por la factura "&A14&" por $"&SUBSTITUTE(FIXED(F14,0),",",".")&IF(E14<TODAY(),", que venció el ",", que vence el ")&RIGHT("0"&DAY(E14),2)&"-"&RIGHT("0"&MONTH(E14),2)&"-"&YEAR(E14)&". ¿Me confirmas cuándo la pagas? Gracias."," ","%20")),"Abrir WhatsApp"))) | J14: =IF(OR(G14="Sí",E14="",F14=""),"",COUNTIFS($G$5:$G$204,"<>Sí",$E$5:$E$204,"<"&E14,$F$5:$F$204,"<>")+COUNTIFS($G$5:G14,"<>Sí",$E$5:E14,E14,$F$5:F14,"<>"))
H15: =IF(G15="Sí","Pagada",IF(OR(E15="",F15=""),"",IF(E15<TODAY(),"Vencida hace "&(TODAY()-E15)&IF(TODAY()-E15=1," día"," días"),IF(E15-TODAY()<=7,"Vence esta semana","Al día")))) | I15: =IF(OR(G15="Sí",E15="",F15=""),"",IF(TRIM(C15&"")="","Falta el WhatsApp",HYPERLINK("https://wa.me/"&IF(LEN(SUBSTITUTE(SUBSTITUTE(SUBSTITUTE(C15&""," ",""),"+",""),"-",""))=9,"56","")&SUBSTITUTE(SUBSTITUTE(SUBSTITUTE(C15&""," ",""),"+",""),"-","")&"?text="&IFERROR(_xlfn.ENCODEURL("Hola, te escribo por la factura "&A15&" por $"&SUBSTITUTE(FIXED(F15,0),",",".")&IF(E15<TODAY(),", que venció el ",", que vence el ")&RIGHT("0"&DAY(E15),2)&"-"&RIGHT("0"&MONTH(E15),2)&"-"&YEAR(E15)&". ¿Me confirmas cuándo la pagas? Gracias."),SUBSTITUTE("Hola, te escribo por la factura "&A15&" por $"&SUBSTITUTE(FIXED(F15,0),",",".")&IF(E15<TODAY(),", que venció el ",", que vence el ")&RIGHT("0"&DAY(E15),2)&"-"&RIGHT("0"&MONTH(E15),2)&"-"&YEAR(E15)&". ¿Me confirmas cuándo la pagas? Gracias."," ","%20")),"Abrir WhatsApp"))) | J15: =IF(OR(G15="Sí",E15="",F15=""),"",COUNTIFS($G$5:$G$204,"<>Sí",$E$5:$E$204,"<"&E15,$F$5:$F$204,"<>")+COUNTIFS($G$5:G15,"<>Sí",$E$5:E15,E15,$F$5:F15,"<>"))
H16: =IF(G16="Sí","Pagada",IF(OR(E16="",F16=""),"",IF(E16<TODAY(),"Vencida hace "&(TODAY()-E16)&IF(TODAY()-E16=1," día"," días"),IF(E16-TODAY()<=7,"Vence esta semana","Al día")))) | I16: =IF(OR(G16="Sí",E16="",F16=""),"",IF(TRIM(C16&"")="","Falta el WhatsApp",HYPERLINK("https://wa.me/"&IF(LEN(SUBSTITUTE(SUBSTITUTE(SUBSTITUTE(C16&""," ",""),"+",""),"-",""))=9,"56","")&SUBSTITUTE(SUBSTITUTE(SUBSTITUTE(C16&""," ",""),"+",""),"-","")&"?text="&IFERROR(_xlfn.ENCODEURL("Hola, te escribo por la factura "&A16&" por $"&SUBSTITUTE(FIXED(F16,0),",",".")&IF(E16<TODAY(),", que venció el ",", que vence el ")&RIGHT("0"&DAY(E16),2)&"-"&RIGHT("0"&MONTH(E16),2)&"-"&YEAR(E16)&". ¿Me confirmas cuándo la pagas? Gracias."),SUBSTITUTE("Hola, te escribo por la factura "&A16&" por $"&SUBSTITUTE(FIXED(F16,0),",",".")&IF(E16<TODAY(),", que venció el ",", que vence el ")&RIGHT("0"&DAY(E16),2)&"-"&RIGHT("0"&MONTH(E16),2)&"-"&YEAR(E16)&". ¿Me confirmas cuándo la pagas? Gracias."," ","%20")),"Abrir WhatsApp"))) | J16: =IF(OR(G16="Sí",E16="",F16=""),"",COUNTIFS($G$5:$G$204,"<>Sí",$E$5:$E$204,"<"&E16,$F$5:$F$204,"<>")+COUNTIFS($G$5:G16,"<>Sí",$E$5:E16,E16,$F$5:F16,"<>"))
H17: =IF(G17="Sí","Pagada",IF(OR(E17="",F17=""),"",IF(E17<TODAY(),"Vencida hace "&(TODAY()-E17)&IF(TODAY()-E17=1," día"," días"),IF(E17-TODAY()<=7,"Vence esta semana","Al día")))) | I17: =IF(OR(G17="Sí",E17="",F17=""),"",IF(TRIM(C17&"")="","Falta el WhatsApp",HYPERLINK("https://wa.me/"&IF(LEN(SUBSTITUTE(SUBSTITUTE(SUBSTITUTE(C17&""," ",""),"+",""),"-",""))=9,"56","")&SUBSTITUTE(SUBSTITUTE(SUBSTITUTE(C17&""," ",""),"+",""),"-","")&"?text="&IFERROR(_xlfn.ENCODEURL("Hola, te escribo por la factura "&A17&" por $"&SUBSTITUTE(FIXED(F17,0),",",".")&IF(E17<TODAY(),", que venció el ",", que vence el ")&RIGHT("0"&DAY(E17),2)&"-"&RIGHT("0"&MONTH(E17),2)&"-"&YEAR(E17)&". ¿Me confirmas cuándo la pagas? Gracias."),SUBSTITUTE("Hola, te escribo por la factura "&A17&" por $"&SUBSTITUTE(FIXED(F17,0),",",".")&IF(E17<TODAY(),", que venció el ",", que vence el ")&RIGHT("0"&DAY(E17),2)&"-"&RIGHT("0"&MONTH(E17),2)&"-"&YEAR(E17)&". ¿Me confirmas cuándo la pagas? Gracias."," ","%20")),"Abrir WhatsApp"))) | J17: =IF(OR(G17="Sí",E17="",F17=""),"",COUNTIFS($G$5:$G$204,"<>Sí",$E$5:$E$204,"<"&E17,$F$5:$F$204,"<>")+COUNTIFS($G$5:G17,"<>Sí",$E$5:E17,E17,$F$5:F17,"<>"))
H18: =IF(G18="Sí","Pagada",IF(OR(E18="",F18=""),"",IF(E18<TODAY(),"Vencida hace "&(TODAY()-E18)&IF(TODAY()-E18=1," día"," días"),IF(E18-TODAY()<=7,"Vence esta semana","Al día")))) | I18: =IF(OR(G18="Sí",E18="",F18=""),"",IF(TRIM(C18&"")="","Falta el WhatsApp",HYPERLINK("https://wa.me/"&IF(LEN(SUBSTITUTE(SUBSTITUTE(SUBSTITUTE(C18&""," ",""),"+",""),"-",""))=9,"56","")&SUBSTITUTE(SUBSTITUTE(SUBSTITUTE(C18&""," ",""),"+",""),"-","")&"?text="&IFERROR(_xlfn.ENCODEURL("Hola, te escribo por la factura "&A18&" por $"&SUBSTITUTE(FIXED(F18,0),",",".")&IF(E18<TODAY(),", que venció el ",", que vence el ")&RIGHT("0"&DAY(E18),2)&"-"&RIGHT("0"&MONTH(E18),2)&"-"&YEAR(E18)&". ¿Me confirmas cuándo la pagas? Gracias."),SUBSTITUTE("Hola, te escribo por la factura "&A18&" por $"&SUBSTITUTE(FIXED(F18,0),",",".")&IF(E18<TODAY(),", que venció el ",", que vence el ")&RIGHT("0"&DAY(E18),2)&"-"&RIGHT("0"&MONTH(E18),2)&"-"&YEAR(E18)&". ¿Me confirmas cuándo la pagas? Gracias."," ","%20")),"Abrir WhatsApp"))) | J18: =IF(OR(G18="Sí",E18="",F18=""),"",COUNTIFS($G$5:$G$204,"<>Sí",$E$5:$E$204,"<"&E18,$F$5:$F$204,"<>")+COUNTIFS($G$5:G18,"<>Sí",$E$5:E18,E18,$F$5:F18,"<>"))
H19: =IF(G19="Sí","Pagada",IF(OR(E19="",F19=""),"",IF(E19<TODAY(),"Vencida hace "&(TODAY()-E19)&IF(TODAY()-E19=1," día"," días"),IF(E19-TODAY()<=7,"Vence esta semana","Al día")))) | I19: =IF(OR(G19="Sí",E19="",F19=""),"",IF(TRIM(C19&"")="","Falta el WhatsApp",HYPERLINK("https://wa.me/"&IF(LEN(SUBSTITUTE(SUBSTITUTE(SUBSTITUTE(C19&""," ",""),"+",""),"-",""))=9,"56","")&SUBSTITUTE(SUBSTITUTE(SUBSTITUTE(C19&""," ",""),"+",""),"-","")&"?text="&IFERROR(_xlfn.ENCODEURL("Hola, te escribo por la factura "&A19&" por $"&SUBSTITUTE(FIXED(F19,0),",",".")&IF(E19<TODAY(),", que venció el ",", que vence el ")&RIGHT("0"&DAY(E19),2)&"-"&RIGHT("0"&MONTH(E19),2)&"-"&YEAR(E19)&". ¿Me confirmas cuándo la pagas? Gracias."),SUBSTITUTE("Hola, te escribo por la factura "&A19&" por $"&SUBSTITUTE(FIXED(F19,0),",",".")&IF(E19<TODAY(),", que venció el ",", que vence el ")&RIGHT("0"&DAY(E19),2)&"-"&RIGHT("0"&MONTH(E19),2)&"-"&YEAR(E19)&". ¿Me confirmas cuándo la pagas? Gracias."," ","%20")),"Abrir WhatsApp"))) | J19: =IF(OR(G19="Sí",E19="",F19=""),"",COUNTIFS($G$5:$G$204,"<>Sí",$E$5:$E$204,"<"&E19,$F$5:$F$204,"<>")+COUNTIFS($G$5:G19,"<>Sí",$E$5:E19,E19,$F$5:F19,"<>"))
H20: =IF(G20="Sí","Pagada",IF(OR(E20="",F20=""),"",IF(E20<TODAY(),"Vencida hace "&(TODAY()-E20)&IF(TODAY()-E20=1," día"," días"),IF(E20-TODAY()<=7,"Vence esta semana","Al día")))) | I20: =IF(OR(G20="Sí",E20="",F20=""),"",IF(TRIM(C20&"")="","Falta el WhatsApp",HYPERLINK("https://wa.me/"&IF(LEN(SUBSTITUTE(SUBSTITUTE(SUBSTITUTE(C20&""," ",""),"+",""),"-",""))=9,"56","")&SUBSTITUTE(SUBSTITUTE(SUBSTITUTE(C20&""," ",""),"+",""),"-","")&"?text="&IFERROR(_xlfn.ENCODEURL("Hola, te escribo por la factura "&A20&" por $"&SUBSTITUTE(FIXED(F20,0),",",".")&IF(E20<TODAY(),", que venció el ",", que vence el ")&RIGHT("0"&DAY(E20),2)&"-"&RIGHT("0"&MONTH(E20),2)&"-"&YEAR(E20)&". ¿Me confirmas cuándo la pagas? Gracias."),SUBSTITUTE("Hola, te escribo por la factura "&A20&" por $"&SUBSTITUTE(FIXED(F20,0),",",".")&IF(E20<TODAY(),", que venció el ",", que vence el ")&RIGHT("0"&DAY(E20),2)&"-"&RIGHT("0"&MONTH(E20),2)&"-"&YEAR(E20)&". ¿Me confirmas cuándo la pagas? Gracias."," ","%20")),"Abrir WhatsApp"))) | J20: =IF(OR(G20="Sí",E20="",F20=""),"",COUNTIFS($G$5:$G$204,"<>Sí",$E$5:$E$204,"<"&E20,$F$5:$F$204,"<>")+COUNTIFS($G$5:G20,"<>Sí",$E$5:E20,E20,$F$5:F20,"<>"))
H21: =IF(G21="Sí","Pagada",IF(OR(E21="",F21=""),"",IF(E21<TODAY(),"Vencida hace "&(TODAY()-E21)&IF(TODAY()-E21=1," día"," días"),IF(E21-TODAY()<=7,"Vence esta semana","Al día")))) | I21: =IF(OR(G21="Sí",E21="",F21=""),"",IF(TRIM(C21&"")="","Falta el WhatsApp",HYPERLINK("https://wa.me/"&IF(LEN(SUBSTITUTE(SUBSTITUTE(SUBSTITUTE(C21&""," ",""),"+",""),"-",""))=9,"56","")&SUBSTITUTE(SUBSTITUTE(SUBSTITUTE(C21&""," ",""),"+",""),"-","")&"?text="&IFERROR(_xlfn.ENCODEURL("Hola, te escribo por la factura "&A21&" por $"&SUBSTITUTE(FIXED(F21,0),",",".")&IF(E21<TODAY(),", que venció el ",", que vence el ")&RIGHT("0"&DAY(E21),2)&"-"&RIGHT("0"&MONTH(E21),2)&"-"&YEAR(E21)&". ¿Me confirmas cuándo la pagas? Gracias."),SUBSTITUTE("Hola, te escribo por la factura "&A21&" por $"&SUBSTITUTE(FIXED(F21,0),",",".")&IF(E21<TODAY(),", que venció el ",", que vence el ")&RIGHT("0"&DAY(E21),2)&"-"&RIGHT("0"&MONTH(E21),2)&"-"&YEAR(E21)&". ¿Me confirmas cuándo la pagas? Gracias."," ","%20")),"Abrir WhatsApp"))) | J21: =IF(OR(G21="Sí",E21="",F21=""),"",COUNTIFS($G$5:$G$204,"<>Sí",$E$5:$E$204,"<"&E21,$F$5:$F$204,"<>")+COUNTIFS($G$5:G21,"<>Sí",$E$5:E21,E21,$F$5:F21,"<>"))
... H204: =IF(G204="Sí","Pagada",IF(OR(E204="",F204=""),"",IF(E204<TODAY(),"Vencida hace "&(TODAY()-E204)&IF(TODAY()-E204=1," día"," días"),IF(E204-TODAY()<=7,"Vence esta semana","Al día")))) | I204: =IF(OR(G204="Sí",E204="",F204=""),"",IF(TRIM(C204&"")="","Falta el WhatsApp",HYPERLINK("https://wa.me/"&IF(LEN(SUBSTITUTE(SUBSTITUTE(SUBSTITUTE(C204&""," ",""),"+",""),"-",""))=9,"56","")&SUBSTITUTE(SUBSTITUTE(SUBSTITUTE(C204&""," ",""),"+",""),"-","")&"?text="&IFERROR(_xlfn.ENCODEURL("Hola, te escribo por la factura "&A204&" por $"&SUBSTITUTE(FIXED(F204,0),",",".")&IF(E204<TODAY(),", que venció el ",", que vence el ")&RIGHT("0"&DAY(E204),2)&"-"&RIGHT("0"&MONTH(E204),2)&"-"&YEAR(E204)&". ¿Me confirmas cuándo la pagas? Gracias."),SUBSTITUTE("Hola, te escribo por la factura "&A204&" por $"&SUBSTITUTE(FIXED(F204,0),",",".")&IF(E204<TODAY(),", que venció el ",", que vence el ")&RIGHT("0"&DAY(E204),2)&"-"&RIGHT("0"&MONTH(E204),2)&"-"&YEAR(E204)&". ¿Me confirmas cuándo la pagas? Gracias."," ","%20")),"Abrir WhatsApp"))) | J204: =IF(OR(G204="Sí",E204="",F204=""),"",COUNTIFS($G$5:$G$204,"<>Sí",$E$5:$E$204,"<"&E204,$F$5:$F$204,"<>")+COUNTIFS($G$5:G204,"<>Sí",$E$5:E204,E204,$F$5:F204,"<>"))

Sheet Movimientos
A1: Movimientos
A2: Datos de ejemplo: bórralos y escribe los tuyos en las celdas celestes. En la fila Saldo inicial va lo que tenías en el banco y en caja al empezar.
A4: Fecha | B4: Detalle | C4: Entra | D4: Sale | E4: Saldo acumulado
A5: =TODAY()-30 | B5: Saldo inicial | E5: 2500000
A6: =TODAY()-25 | B6: Venta al contado | C6: 850000 | E6: =IF(AND(C6="",D6=""),"",$E$5+SUM($C$6:C6)-SUM($D$6:D6))
A7: =TODAY()-15 | B7: Pago de la factura 1201 | C7: 1190000 | E7: =IF(AND(C7="",D7=""),"",$E$5+SUM($C$6:C7)-SUM($D$6:D7))
A8: =TODAY()-12 | B8: Arriendo del local | D8: 650000 | E8: =IF(AND(C8="",D8=""),"",$E$5+SUM($C$6:C8)-SUM($D$6:D8))
A9: =TODAY()-7 | B9: Sueldos | D9: 1400000 | E9: =IF(AND(C9="",D9=""),"",$E$5+SUM($C$6:C9)-SUM($D$6:D9))
A10: =TODAY()-3 | B10: Proveedor de insumos | D10: 480000 | E10: =IF(AND(C10="",D10=""),"",$E$5+SUM($C$6:C10)-SUM($D$6:D10))
A11: =TODAY()-1 | B11: Venta con tarjeta | C11: 320000 | E11: =IF(AND(C11="",D11=""),"",$E$5+SUM($C$6:C11)-SUM($D$6:D11))
E12: =IF(AND(C12="",D12=""),"",$E$5+SUM($C$6:C12)-SUM($D$6:D12))
E13: =IF(AND(C13="",D13=""),"",$E$5+SUM($C$6:C13)-SUM($D$6:D13))
E14: =IF(AND(C14="",D14=""),"",$E$5+SUM($C$6:C14)-SUM($D$6:D14))
E15: =IF(AND(C15="",D15=""),"",$E$5+SUM($C$6:C15)-SUM($D$6:D15))
E16: =IF(AND(C16="",D16=""),"",$E$5+SUM($C$6:C16)-SUM($D$6:D16))
E17: =IF(AND(C17="",D17=""),"",$E$5+SUM($C$6:C17)-SUM($D$6:D17))
E18: =IF(AND(C18="",D18=""),"",$E$5+SUM($C$6:C18)-SUM($D$6:D18))
E19: =IF(AND(C19="",D19=""),"",$E$5+SUM($C$6:C19)-SUM($D$6:D19))
E20: =IF(AND(C20="",D20=""),"",$E$5+SUM($C$6:C20)-SUM($D$6:D20))
E21: =IF(AND(C21="",D21=""),"",$E$5+SUM($C$6:C21)-SUM($D$6:D21))
E22: =IF(AND(C22="",D22=""),"",$E$5+SUM($C$6:C22)-SUM($D$6:D22))
E23: =IF(AND(C23="",D23=""),"",$E$5+SUM($C$6:C23)-SUM($D$6:D23))
... E504: =IF(AND(C504="",D504=""),"",$E$5+SUM($C$6:C504)-SUM($D$6:D504))

Sheet Por pagar
A1: Por pagar
A2: Datos de ejemplo: bórralos y escribe los tuyos en las celdas celestes (arriendo, sueldos, F29, proveedores…).
A4: Vence | B4: Detalle | C4: Monto | D4: ¿Pagado?
A5: =TODAY()-3 | B5: Proveedor de insumos | C5: 480000 | D5: Sí
A6: =TODAY()+6 | B6: F29 del mes | C6: 410000 | D6: No
A7: =TODAY()+18 | B7: Arriendo del local | C7: 650000 | D7: No
A8: =TODAY()+23 | B8: Sueldos | C8: 1400000 | D8: No

Sheet Cómo usar
A1: Cómo usar
A3: 1. Borra los datos de ejemplo y escribe los tuyos en las celdas celestes. Las fechas de ejemplo se calculan desde hoy; al escribir tus fechas quedan fijas.
A4: 2. En Movimientos, anota en la fila Saldo inicial lo que tenías en el banco y en caja, y después cada plata que entra o sale.
A5: 3. En Por cobrar, anota cada factura con su vencimiento y su monto. Cuando te paguen, elige «Sí» en ¿Pagada?.
A6: 4. El Estado se pinta rojo si la factura venció, ámbar si vence en los próximos 7 días y verde si está al día. Orden de cobro pone 1 en la que conviene cobrar primero; también puedes filtrar por Estado.
A7: 5. Escribe el WhatsApp del cliente con 56 9 y los 8 dígitos. En Aviso aparece «Abrir WhatsApp»: abre el mensaje de cobro listo para que lo revises y lo envíes tú.
A8: 6. En Por pagar, anota arriendo, sueldos, F29 y proveedores con su vencimiento. El resumen suma lo que anotas: Caja en 30 días es tu caja de hoy, más lo que te deben y menos lo que tienes que pagar hasta 30 días desde hoy, incluido lo vencido.
A10: Hay espacio para 200 facturas, 500 movimientos y 100 pagos.
A11: Las celdas con fórmula están protegidas sin clave: Excel pide quitar la protección de la hoja para cambiarlas y Google Sheets avisa antes de hacerlo.
A12: Planilla de Jean Paul Troncoso · www.consultor-i-a.com
